 Dungeon Crawl Stone Soup version 0.18-a0-1526-gcb34c7c (webtiles) character file.

1974 MenacingMecha the Basher (level 9, -1/48 HPs)
             Began as a Gargoyle Gladiator on Mar 8, 2016.
             Slain by a killer bee (5 damage)
             ... on level 7 of the Dungeon.
             The game lasted 00:20:04 (6109 turns).

MenacingMecha the Basher (Gargoyle Gladiator)       Turns: 6109, Time: 00:20:04

Health: -1/48      AC: 14    Str: 21    XL:     9   Next: 20%
Magic:  9/9        EV:  7    Int:  9    God:
Gold:   301        SH:  3    Dex: 15    Spells: 0 memorised, 8 levels left

rFire  . . .     SeeInvis .     E - +0 flail (drain)
rCold  . . .     Gourm    .     o - +0 chain mail
rNeg   + . .     Faith    .     x - +0 buckler
rPois  ∞         Spirit   .     c - +0 helmet
rElec  +         Dismiss  .     (no cloak)
rCorr  .         Reflect  .     (no gloves)
SustAt .         Harm     .     (no boots)
MR     .....                    (no amulet)
Stlth  ..........               (no ring)
                                q - +4 ring of dexterity

@: very slightly contaminated, not resistant to hostile enchantments, extremely
unstealthy
A: negative energy resistance 1, electricity resistance, unbreathing,
petrification resistance, rot immunity, AC +5
a: no special abilities


You were on level 7 of the Dungeon.
You were not hungry.

You visited 2 branches of the dungeon, and saw 8 of its levels.

You collected 301 gold pieces.

Inventory:

Hand Weapons
 E - a +0 flail of draining (weapon)
Missiles
 d - 2 throwing nets (quivered)
Armour
 b - a +0 leather armour
 c - a +0 helmet (worn)
 o - a +0 chain mail (worn)
 x - a +0 buckler (worn)
Jewellery
 q - a +4 ring of dexterity (left hand)
 G - an uncursed ring of see invisible {unknown}
Wands
 B - a wand of lightning (5/15)
Scrolls
 e - a scroll of recharging {unknown}
 j - a scroll of noise {unknown}
 l - 4 scrolls of identify {unknown}
 n - a scroll of enchant weapon {unknown}
 r - 3 scrolls of remove curse
 s - 2 scrolls of enchant armour {unknown}
 t - 2 scrolls of magic mapping
 y - a scroll of fog {unknown}
Potions
 h - a potion of mutation {unknown}
 i - 2 potions of agility {unknown}
 p - 2 potions of heal wounds {unknown}
 u - a potion of cancellation {unknown}
 v - 2 potions of lignification {unknown}
 z - a potion of ambrosia {unknown}
 A - a potion of brilliance {unknown}
 F - a potion of degeneration {unknown}
Books
 D - a book of Envenomations

   Spells                             Type                      Level
   a - Spider Form                    Transmutation/Poison         3
   b - Olgreb's Toxic Radiance        Poison                       4
   c - Alistair's Intoxication        Transmutation/Poison         5
   d - Poisonous Cloud                Conjuration/Poison/Air       6
Comestibles
 a - 7 chunks of flesh
 f - 7 bread rations
 g - 4 meat rations
 m - a slice of pizza
 w - a beef jerky


   Skills:
 - Level 2.1 Fighting
 + Level 11.9 Maces & Flails
 - Level 1.7 Throwing
 - Level 2.4 Dodging


You had 8 spell levels left.
You didn't know any spells.

Dungeon Overview and Level Annotations

Branches:
Dungeon (7/15)             Temple (1/1) D:6

Altars:
Elyvilon
Fedhas
Gozag
Kikubaaqudgha
Makhleb
Nemelex Xobeh
Pakellas
Qazlal
Ru
Trog
Xom
Yredelemnul
Zin
The Shining One

Annotations:
D:4 Pikel


Innate Abilities, Weirdness & Mutations

You are resistant to torment.
Your stone body is resilient (AC +5).
You are immune to poison.
You resist negative energy.
You are resistant to electric shocks.
You can survive without breathing.
You are immune to petrification.
You are immune to rotting.


Message History

The wight closely misses you. You block the gnoll's attack.
You block the orc's attack.
The gnoll sergeant hits you with a spear of venom.
* * * LOW HITPOINT WARNING * * *
The wight hits you with an enchanted spear.
* * * LOW HITPOINT WARNING * * *
There is a stone staircase leading up here.
Drink which item? (? for menu, Esc to quit)
Okay, then.
You hit the gnoll sergeant. You drain the gnoll sergeant!
The gnoll sergeant is lightly wounded.
The killer bee stings you but does no damage.
The gnoll hits you but does no damage. You block the orc wizard's attack.
The gnoll sergeant hits you but does no damage.
The orc hits you but does no damage.
You barely miss the gnoll sergeant.
The gnoll sergeant is lightly wounded.
You block the killer bee's attack. The wight hits you but does no damage.
You block the orc's attack. The killer bee stings you.
You die...

##### ####
##...##...#
##..........
#...........
#............)..#
#..ooz..........#
#.o@gy.........##
##.gyy..........#
..o.#...........#y
.................y..
#....................
#......###...<.y.#
#....................
#......#.##..##......
...# ####..


You could see a gnoll sergeant, 3 killer bees, a wight, 2 orc wizards, a gnoll
and 2 orcs.

Vanquished Creatures
  6 yaks (D:5)
  A sky beast (D:5)
  A slave (D:3)
  2 ogres
  A centaur (D:6)
  A scorpion (D:6)
  2 crimson imps
  A jelly (D:6)
  A hound (D:4)
  3 orc wizards (D:5)
  3 giant frog skeletons
  2 orc priests
  A centaur skeleton (D:6)
  An iguana (D:6)
  Ijyb (D:3)
  A worker ant (D:6)
  A hound skeleton (D:6)
  A hound zombie (D:6)
  A howler monkey zombie (D:6)
  A worker ant zombie (D:5)
  9 adders
  A shadow imp (D:6)
  An ooze (D:5)
  An adder skeleton (D:5)
  3 worms
  A dart slug (D:4)
  3 giant geckos
  16 orcs
  2 ball pythons
  6 giant cockroaches
  9 hobgoblins
  15 jackals
  2 quokkas
  7 bats
  A giant cockroach zombie (D:6)
  A giant newt (D:3)
  7 goblins
  6 kobolds
  A quokka zombie (D:6)
  12 rats
136 creatures vanquished.

Notes
Turn   | Place    | Note
--------------------------------------------------------------
     0 | D:1      | MenacingMecha the Gargoyle Gladiator began the quest for the Orb.
     0 | D:1      | Reached XP level 1. HP: 12/12 MP: 1/1
   223 | D:1      | Reached XP level 2. HP: 17/17 MP: 2/2
   644 | D:1      | Reached skill level 4 in Maces & Flails
   939 | D:2      | Reached XP level 3. HP: 18/21 MP: 3/3
  1255 | D:2      | Found an opulent altar of Gozag.
  1482 | D:3      | Noticed Ijyb
  1494 | D:3      | Killed Ijyb
  1494 | D:3      | Reached skill level 5 in Maces & Flails
  1494 | D:3      | Reached XP level 4. HP: 24/26 MP: 4/4
  1538 | D:3      | Found a shimmering altar of Xom.
  1880 | D:3      | Reached XP level 5. HP: 27/30 MP: 5/5
  2463 | D:4      | Noticed an ogre
  2630 | D:5      | Entered Level 5 of the Dungeon
  2642 | D:5      | Reached skill level 6 in Maces & Flails
  2774 | D:4      | Reached XP level 6. HP: 33/35 MP: 6/6
  2804 | D:5      | Reached skill level 7 in Maces & Flails
  3101 | D:5      | Reached XP level 7. HP: 40/40 MP: 7/7
  3275 | D:5      | Reached skill level 8 in Maces & Flails
  3440 | D:5      | Found a stormy altar of Qazlal.
  3441 | D:5      | Noticed an air elemental
  3454 | D:5      | Noticed a fire elemental
  3455 | D:5      | Noticed a water elemental
  3938 | D:4      | Noticed Pikel
  3984 | D:4      | Reached skill level 9 in Maces & Flails
  4339 | D:6      | Noticed a yak
  4339 | D:6      | Noticed a yak
  4339 | D:6      | Noticed a yak
  4339 | D:6      | Noticed a yak
  4339 | D:6      | Noticed a yak
  4354 | D:5      | Killed a yak
  4354 | D:5      | Reached XP level 8. HP: 30/44 MP: 8/8
  4450 | D:6      | Noticed a yak
  4461 | D:5      | Killed a yak
  4467 | D:5      | Killed a yak
  4467 | D:5      | Reached skill level 10 in Maces & Flails
  4477 | D:5      | Killed a yak
  4634 | D:5      | Killed a yak
  4642 | D:5      | Killed a yak
  4642 | D:5      | Reached skill level 11 in Maces & Flails
  4953 | D:6      | Reached XP level 9. HP: 48/48 MP: 9/9
  5168 | D:6      | Found a staircase to the Ecumenical Temple.
  5185 | Temple   | Entered the Ecumenical Temple
  5808 | D:6      | Found an oddly glowing altar of Pakellas.
  6109 | D:7      | Slain by a killer bee

Vault maps used:
D:1:      dpeg_chamrin_arrival_tetris
D:2:      nicolae_gozag_seed_capital
D:3:      tgw_xom, st_stairs_6, uniq_iyjb
D:4:      uniq_pikel
D:5:      lemuel_upstairs_altar, nicolae_qazlal_style_of_elements, first_bread
D:6:      minmay_temple_entry_purple_smoke, serial_undead, serial_undead_a,
          serial_undead_d, serial_undead_f, serial_undead_d, corner_web_ring,
          grunt_pakellas_salt
D:7:      grunt_temple_overflow_open, okawaru_metal_pillars_1_2
Temple:   roderic_octagonal_lattice_temple

Skill      XL: |  1  2  3  4  5  6  7  8 |
---------------+-------------------------+-----
Maces & Flails | 4 5 6 7 9 11 | 11.9
Fighting       | |  2.1
Throwing       | |  1.7
Dodging        | |  2.4

Action                   |  1- 3 |  4- 6 |  7- 9 || total
-------------------------+-------+-------+-------++-------
Melee: Flail             |   126 |   251 |   242 ||   619
Throw: Throwing net      |     1 |     1 |       ||     2
  Use: Scroll            |     4 |       |     2 ||     6
 Stab: Held in net/web   |     2 |       |       ||     2
  Eat: Chunk             |     2 |     6 |     9 ||    17
